 Dungeon Crawl Stone Soup version 0.19-a0-36-g4a0968a (webtiles) character file.

283 M4edhros the Sneak (level 6, -10/38 HPs)
             Began as an Octopode Artificer on May 4, 2016.
             Was an Initiate of Fedhas.
             Killed from afar by Natasha (11 damage)
             ... with a magic dart
             ... on level 3 of the Dungeon.
             The game lasted 00:03:23 (2104 turns).

M4edhros the Sneak (Octopode Artificer)             Turns: 2104, Time: 00:03:24

Health: -10/38     AC:  1    Str: 16    XL:     6   Next: 28%
Magic:  8/8        EV: 11    Int: 19    God:    Fedhas [......]
Gold:   119        SH:  3    Dex: 14    Spells: 0 memorised, 5 levels left

rFire  . . .     SeeInvis .     a - +0 short sword
rCold  . . .     Gourm    .     m - +0 buckler
rNeg   . . .     Faith    .     (helmet restricted)
rPois  .         Spirit   .     (no amulet)
rElec  .         Dismiss  .     (no ring)
rCorr  .         Reflect  .     (no ring)
SustAt .         Harm     .     (no ring)
MR     .....                    (no ring)
Stlth  +++++.....               (no ring)
                                (no ring)
                                (no ring)
                                (no ring)

@: mighty, brilliant, flying, not resistant to hostile enchantments, quite
stealthy
A: almost no armour, amphibious, 8 rings, constrict 8, camouflage 1, gelatinous
body 1
a: Renounce Religion


You were on level 3 of the Dungeon.
You worshipped Fedhas.
Fedhas was noncommittal.
You were near starving.

You visited 2 branches of the dungeon, and saw 5 of its levels.

You collected 119 gold pieces.

Inventory:

Hand Weapons
 a - a +0 short sword (weapon)
 p - a +0 hunting sling
Missiles
 l - 20 sling bullets
 s - 16 stones (quivered)
Armour
 m - a +0 buckler (worn)
Wands
 b - a wand of flame (15/48)
 c - a wand of enslavement (13/24)
 d - a wand of random effects (15/48)
Scrolls
 g - a scroll of amnesia {unknown}
 i - a scroll of immolation {unknown}
 j - a scroll of random uselessness {unknown}
 k - 4 scrolls of teleportation {unknown}
 o - a scroll of enchant weapon {unknown}
 q - 4 scrolls of identify {unknown}
Comestibles
 f - 3 bread rations
 n - 7 fruits


   Skills:
 - Level 1.0 Fighting
 - Level 1.0 Short Blades
 + Level 2.6 Slings
 - Level 2.0 Dodging
 + Level 7.7 Stealth
 - Level 3.2 Evocations


You had 5 spell levels left.
You didn't know any spells.

Dungeon Overview and Level Annotations

Branches:
Dungeon (4/15)             Temple (1/1) D:4

Altars:
Ashenzari
Cheibriados
Dithmenos
Elyvilon
Fedhas
Kikubaaqudgha
Makhleb
Okawaru
Pakellas
Qazlal
Ru
Trog
Vehumet

Annotations:
D:3 Natasha


Innate Abilities, Weirdness & Mutations

You cannot wear most types of armour.
You are amphibious.
You can wear up to eight rings at the same time.
You can use your tentacles to constrict eight enemies at once.
Your skin changes colour to match your surroundings (Stealth).
Your rubbery body absorbs attacks (AC +1).


Message History

You block the orc wizard's attack. The crimson imp hits you.
* * * LOW HITPOINT WARNING * * *
Drink which item? (? for menu, Esc to quit)
You feel very mighty all of a sudden.
The crimson imp disappears in a puff of smoke!
The orc wizard closely misses you. Natasha casts a spell at you.
You resist with some effort.
Unknown command.
Unknown command.
Unknown command.
You hit Natasha. Your grab misses Natasha.
Natasha is moderately wounded.
The iron imp disappears in a puff of smoke!
The orc wizard hits you with a dagger.
* * * LOW HITPOINT WARNING * * *
Natasha stares at you and mumbles some strange words.
The magic dart hits you!
You die...
Fedhas appreciates your contribution to the ecosystem.

# ### # #. #.. .#
. ###.###.##
###.#..
........##.......
#....... .?.....
#...o)##.......
#...§@ho5....#
#...).##§......
###.....# .......
..........#
.......
#####.#...#
###.#.#
###.###..# ....
###..# ##.#
#...>.
.....###..#
##...#
##..#.#.#.#
....###


You could see an orc wizard, Natasha, a white imp and an orc.

Vanquished Creatures
  Sigmund (D:2)
  5 adders
  An adder skeleton (D:4)
  2 worms (D:2)
  3 dart slugs
  3 giant geckos
  6 orcs
  2 giant cockroaches (D:1)
  9 goblins
  6 hobgoblins
  8 jackals (D:1)
  A quokka (D:2)
  A ball python (D:1)
  5 bats
  6 giant newts
  4 kobolds
  5 rats
68 creatures vanquished.

Vanquished Creatures (collateral kills)
  An ooze (D:3)
1 creature vanquished.

Vanquished Creatures (others)
  The ghost of Nico3ck the Sneak, an amateur FoAs (D:3)
  3 toadstools (D:4)
4 creatures vanquished.

Grand Total: 73 creatures vanquished

Notes
Turn   | Place    | Note
--------------------------------------------------------------
     0 | D:1      | M4edhros the Octopode Artificer began the quest for the Orb.
     0 | D:1      | Reached XP level 1. HP: 13/13 MP: 3/3
    94 | D:1      | Reached skill level 2 in Stealth
   105 | D:1      | Reached XP level 2. HP: 7/18 MP: 4/4
   112 | D:1      | Reached skill level 3 in Stealth
   330 | D:1      | Reached skill level 4 in Stealth
   332 | D:1      | Reached XP level 3. HP: 16/23 MP: 5/5
   780 | D:2      | Reached skill level 5 in Stealth
  1231 | D:2      | Reached XP level 4. HP: 28/28 MP: 6/6
  1340 | D:2      | Reached skill level 6 in Stealth
  1574 | D:2      | Noticed Sigmund
  1585 | D:2      | Killed Sigmund
  1585 | D:2      | Reached skill level 7 in Stealth
  1585 | D:2      | Reached XP level 5. HP: 32/33 MP: 7/7
  1585 | D:2      | Reached XP level 6. HP: 37/38 MP: 8/8
  1687 | D:3      | Found a faded altar to an unknown god.
  1714 | D:3      | Found a stormy altar of Qazlal.
  1889 | D:4      | Found a staircase to the Ecumenical Temple.
  1941 | Temple   | Entered the Ecumenical Temple
  2005 | Temple   | Became a worshipper of Fedhas Madash
  2064 | D:3      | Noticed Nico3ck's ghost (amateur FoAs)
  2079 | D:3      | Noticed Natasha
  2099 | D:3      | Your ally Nico3ck died
  2104 | D:3      | HP: 1/38 [orc wizard/dagger (2)]
  2104 | D:3      | Killed from afar by Natasha

Vault maps used:
D:1:      dpeg_arrival_signposts
D:2:      uniq_sigmund
D:3:      grunt_qazlal_clouds, ecumenical_altar_2, uniq_natasha
D:4:      nicolae_gozag_zags_fifth_avenue, minmay_temple_entry_statues_pillars,
          first_bread, st_stairs_5
Temple:   triangle_lava_temple_12

Skill      XL: |  1  2  3  4 |
---------------+-------------+-----
Stealth        | 2 4 5 7 |  7.7
Slings         | 2 |  2.6
Fighting       | |  1.0
Short Blades   | |  1.0
Dodging        | |  2.0
Evocations     | |  3.2

Action                   |  1- 3 |  4- 6 || total
-------------------------+-------+-------++-------
Melee: Short sword       |    74 |    65 ||   139
       Constrict         |    23 |    11 ||    34
       Tentacles         |    15 |     8 ||    23
Evoke: Wand              |       |     2 ||     2
  Use: Potion            |     1 |     4 ||     5
 Stab: Sleeping          |    10 |    16 ||    26
  Eat: Chunk             |       |     2 ||     2
Armor: Skin              |     5 |     1 ||     6
Dodge: Dodged            |    39 |    32 ||    71
Block: Buckler           |     2 |     8 ||    10
